[Event "Titled Tuesday Blitz January 17 Late 2023"]
[White "Dahl, Trygve"]
[Black "Lodici, Lorenzo"]
[WhiteFideId "1513427"]
[BlackFideId "884189"]
[WhiteElo "2206"]
[BlackElo "2524"]
[Result "0-1"]
[Round "01"]
[TimeControl "180+2"]
[Date "2023.01.17"]
[WhiteClock "0:00:01"]
[BlackClock "0:00:25"]

1. c4 c5 2. Nc3 Nf6 3. e4 Nc6 4. g3 g6 5. Bg2 Bg7 6. Nge2 O-O 7. d3 e6 8. O-O d5 9. exd5 exd5 10. Nxd5 Nxd5 11. Bxd5 Nb4 12. Nc3 Bxc3 13. bxc3 Nxd5 14. cxd5 Qxd5 15. c4 Qc6 16. f3 Bf5 17. d4 cxd4 18. Qxd4 Rfd8 19. Qe5 f6 20. Qc3 Rd3 21. Qb4 Rxf3 22. Bb2 Re8 23. Qb5 Qxb5 24. cxb5 Rxf1+ 25. Rxf1 Bd3 26. Rf2 f5 27. Bd4 b6 28. a4 Re4 29. Bc3 Rxa4 30. Rd2 Bxb5 31. Rd8+ Kf7 32. Rh8 h5 33. Kf2 Ra3 34. Bd4 Bc6 35. Be3 b5 36. Rh7+ Ke6 37. Rxa7 Rb3 38. Ra6 Kd5 39. h3 b4 40. g4 hxg4 41. hxg4 fxg4 42. Ra5+ Ke6 43. Bd4 Bf3 44. Kg3 Rd3 45. Bc5 b3 46. Ra6+ Kd5 47. Bf8 Rd2 48. Rb6 Rg2+ 49. Kf4 Kc4 50. Bg7 Bd5 51. Rxg6 Bf3 52. Rb6 Re2 53. Rb8 Re7 54. Bf6 Rf7 0-1


[Site "https://www.chess.com"]

[Event "Titled Tuesday Blitz January 17 Late 2023"]
[White "Boruchovsky, Avital"]
[Black "Papayan, Oleg"]
[WhiteFideId "2800055"]
[BlackFideId "4193911"]
[WhiteElo "2539"]
[BlackElo "2253"]
[Result "1-0"]
[Round "01"]
[TimeControl "180+2"]
[Date "2023.01.17"]
[WhiteClock "0:00:21"]
[BlackClock "0:00:03"]

1. e4 d5 2. exd5 Qxd5 3. d4 c6 4. c4 Qd8 5. Nc3 Bf5 6. Nge2 e6 7. Ng3 Bg6 8. h4 h6 9. h5 Bh7 10. Be3 Nd7 11. Bd3 Bxd3 12. Qxd3 Ngf6 13. O-O-O Bb4 14. a3 Bxc3 15. Qxc3 Qc7 16. Ne2 O-O-O 17. Bf4 Qb6 18. f3 Rhe8 19. Kb1 Qa6 20. g4 Nb6 21. Rc1 Rd7 22. Be5 Rdd8 23. Rhe1 Nbd7 24. Bg3 Nb6 25. Nf4 Na4 26. Qe3 Qb6 27. Rc2 Qxd4 28. Qe2 Rd7 29. Ng2 Red8 30. Be5 Qd3 31. Bxf6 Qxe2 32. Rexe2 gxf6 33. Ka2 Rd3 34. Rf2 Rd1 35. Ne3 Re1 36. Rfe2 Rxe2 37. Rxe2 Rd3 38. Kb1 Rxa3 39. Kc2 Ra1 40. Nd1 Nc5 41. f4 Ra4 42. Kc3 b5 43. b3 Ra1 44. Re1 bxc4 45. Kxc4 Nd7 46. g5 fxg5 47. fxg5 hxg5 48. h6 Nf6 49. Kd4 Ra5 50. Ne3 Kd7 51. b4 e5+ 52. Kc4 Ra6 53. Ng4 Nxg4 54. h7 Nf6 55. h8=Q Ke6 56. Qc8+ Nd7 57. Qxa6 1-0


[Site "https://www.chess.com"]

[Event "Titled Tuesday Blitz January 17 Late 2023"]
[White "marik_spb"]
[Black "Artemenko, Oleg"]
[BlackFideId "14201798"]
[WhiteElo "2408"]
[BlackElo "2246"]
[Result "0-1"]
[Round "01"]
[TimeControl "180+2"]
[Date "2023.01.17"]
[WhiteClock "0:00:08"]
[BlackClock "0:00:33"]

1. d4 Nf6 2. c4 b6 3. Nf3 Bb7 4. Nc3 d6 5. g3 Nbd7 6. Bg2 e5 7. O-O Be7 8. b3 O-O 9. dxe5 Nxe5 10. Nxe5 Bxg2 11. Kxg2 dxe5 12. Bb2 Qc8 13. Qd3 Rd8 14. Qf3 Qe6 15. e4 c6 16. Rad1 Rd4 17. Qe2 Rad8 18. f3 Bb4 19. Nb1 R4d6 20. a3 Bc5 21. b4 Bd4 22. Bc1 c5 23. Bg5 h6 24. Bxf6 Qxf6 25. f4 Qe7 26. f5 f6 27. b5 Qb7 28. Nd2 a6 29. a4 axb5 30. cxb5 Kh8 31. Nb3 Ra8 32. Nxd4 exd4 33. Ra1 Re8 34. Rfe1 Re5 35. Qf3 d3 36. Re3 c4 37. Rc1 Rc5 38. e5 Qxf3+ 39. Kxf3 fxe5 40. Ke4 Rd4+ 41. Kf3 d2 42. Rd1 c3 43. Rxc3 Rxc3+ 44. Ke2 Rc1 45. Rxd2 Rxd2+ 46. Kxd2 Ra1 0-1


[Site "https://www.chess.com"]

[Event "Titled Tuesday Blitz January 17 Late 2023"]
[White "Pakleza, Zbigniew"]
[Black "Golding, Alex"]
[WhiteFideId "1119290"]
[BlackFideId "427241"]
[WhiteElo "2494"]
[BlackElo "2318"]
[Result "1-0"]
[Round "01"]
[TimeControl "180+2"]
[Date "2023.01.17"]
[WhiteClock "0:00:28"]
[BlackClock "0:00:13"]

1. d4 Nf6 2. Nf3 d5 3. Bf4 c6 4. e3 Bg4 5. c4 Nbd7 6. Nc3 Nb6 7. c5 Nbd7 8. Be2 e6 9. h3 Bxf3 10. Bxf3 Be7 11. O-O O-O 12. b4 a6 13. a4 Qc8 14. Qb3 Bd8 15. b5 axb5 16. axb5 Rxa1 17. Rxa1 Bc7 18. b6 Bxf4 19. exf4 Nb8 20. Ra7 Nfd7 21. Ra8 Qd8 22. Ne2 Qe7 23. Ra7 Nf6 24. Qa4 g6 25. g3 Qd7 26. Nc1 Ne4 27. Qa3 f5 28. h4 h5 29. Nd3 Qc8 30. Ne5 Kh7 31. Ra8 Rg8 32. Qa7 Kh6 33. Bxe4 dxe4 34. Nf7+ Kg7 35. Nd6 Qd7 36. Rxb8 1-0


[Site "https://www.chess.com"]

[Event "Titled Tuesday Blitz January 17 Late 2023"]
[White "Fishbein, Mitch"]
[Black "Boros, Denes"]
[WhiteFideId "30922917"]
[BlackFideId "722340"]
[WhiteElo "2120"]
[BlackElo "2406"]
[Result "0-1"]
[Round "01"]
[TimeControl "180+2"]
[Date "2023.01.17"]
[WhiteClock "0:00:04"]
[BlackClock "0:00:10"]

1. d4 g6 2. e4 d5 3. exd5 Qxd5 4. Nc3 Qd6 5. Nf3 Bg7 6. Bc4 Nh6 7. O-O Nf5 8. Ne4 Qd8 9. c3 O-O 10. Re1 Nd7 11. Bb3 b6 12. Neg5 Nd6 13. Qe2 c5 14. Qxe7 Qxe7 15. Rxe7 c4 16. Bc2 h6 17. Ne4 Nf5 18. Rxd7 Bxd7 19. g4 Ne7 20. h3 f5 21. gxf5 Bxf5 22. Nh4 g5 23. Nxf5 Nxf5 24. Be3 Rae8 25. b3 cxb3 26. axb3 a5 27. Bd3 Nxe3 28. fxe3 Rf3 29. Re1 Kh8 30. Kg2 Ref8 31. Rf1 Rxf1 32. Bxf1 Re8 33. Bd3 Bf8 34. Kf3 Kg7 35. Ng3 Rc8 36. c4 Kf6 37. e4 b5 38. e5+ Kf7 39. e6+ Kf6 40. d5 a4 41. bxa4 bxa4 42. Ke4 a3 43. Bb1 Rxc4+ 44. Kd3 Rc1 45. Ne4+ Ke5 46. Ba2 Rd1+ 47. Ke2 Rh1 48. Nf2 Ra1 49. Bc4 a2 50. Kf3 Kd4 51. Bb3 Kc3 52. Bxa2 Rxa2 53. Ne4+ Kd4 54. d6 Ra3+ 55. Kg4 Kxe4 56. e7 Ra8 57. Kh5 Bxe7 58. dxe7 Kf5 59. Kxh6 Re8 0-1


[Site "https://www.chess.com"]

[Event "Titled Tuesday Blitz January 17 Late 2023"]
[White "Riehle, Marco"]
[Black "Sanchez, Robert"]
[WhiteFideId "12904392"]
[BlackFideId "2034360"]
[WhiteElo "2368"]
[BlackElo "1966"]
[Result "1-0"]
[Round "01"]
[TimeControl "180+2"]
[Date "2023.01.17"]
[WhiteClock "0:02:09"]
[BlackClock "0:01:19"]

1. e4 e6 2. c4 d5 3. cxd5 exd5 4. Qb3 Nf6 5. e5 Ne4 6. Nc3 Nxc3 7. bxc3 Be7 8. d4 O-O 9. Nf3 c6 10. Bd3 Qb6 11. O-O Bg4 12. Nd2 Nd7 13. f4 Nb8 14. h3 Bc8 15. Qc2 h6 16. f5 f6 17. Nf3 c5 18. Rb1 Qc7 19. Bf4 Nc6 20. Ne1 fxe5 21. dxe5 Nxe5 22. Nf3 Bd6 23. Nxe5 Bxe5 24. Bxe5 Qxe5 25. Rbe1 Qd6 26. f6 Rxf6 27. Re8+ 1-0


[Site "https://www.chess.com"]

[Event "Titled Tuesday Blitz January 17 Late 2023"]
[White "Bambino Filho, Antonio Carlos"]
[Black "Kaasen, Tor Fredrik"]
[WhiteFideId "2113163"]
[BlackFideId "1516647"]
[WhiteElo "2144"]
[BlackElo "2480"]
[Result "0-1"]
[Round "01"]
[TimeControl "180+2"]
[Date "2023.01.17"]
[WhiteClock "0:00:28"]
[BlackClock "0:00:31"]

1. e4 c5 2. Nf3 d6 3. d4 cxd4 4. Nxd4 Nf6 5. Nc3 a6 6. Bg5 Nbd7 7. Bc4 Qb6 8. Bb3 e6 9. Qd2 Be7 10. f4 h6 11. Bh4 Nxe4 12. Nxe4 Bxh4+ 13. g3 Be7 14. Nxe6 fxe6 15. Bxe6 Nf6 16. Nxf6+ Bxf6 17. Bb3 Bg4 18. h3 Bf3 19. Rf1 Be4 20. Qe2 Qc6 21. Qh5+ g6 22. Qg4 Bf5 23. Qe2+ Qe4 24. Qxe4+ Bxe4 25. O-O-O O-O-O 26. Rfe1 Rhe8 27. c3 d5 28. Bxd5 Bxd5 29. Rxe8 Rxe8 30. Rxd5 Kc7 31. Rd3 Re2 32. g4 Rf2 0-1


[Site "https://www.chess.com"]

[Event "Titled Tuesday Blitz January 17 Late 2023"]
[White "Kobalia, Mikhail"]
[Black "Ankerst, Mihael"]
[WhiteFideId "4119150"]
[BlackFideId "14602369"]
[WhiteElo "2578"]
[BlackElo "2370"]
[Result "1-0"]
[Round "01"]
[TimeControl "180+2"]
[Date "2023.01.17"]
[WhiteClock "0:01:38"]
[BlackClock "0:00:18"]

1. e4 c5 2. Nf3 Qb6 3. c3 e6 4. d4 d5 5. exd5 exd5 6. Bd3 c4 7. Bc2 Bd6 8. O-O Ne7 9. b3 cxb3 10. axb3 Nbc6 11. c4 Qd8 12. c5 Bc7 13. Nc3 Bg4 14. Nb5 Bb8 15. Re1 O-O 16. Bxh7+ Kh8 17. Bb1 a6 18. Bg5 Kg8 19. Qd3 g6 20. Bf6 Qd7 21. Qd2 Nf5 22. Nh4 Kh7 23. Bxf5 Qxf5 24. Nxf5 1-0


[Site "https://www.chess.com"]

[Event "Titled Tuesday Blitz January 17 Late 2023"]
[White "Becerra, Juan David"]
[Black "Ivanisevic, Ivan"]
[WhiteFideId "4404998"]
[BlackFideId "912417"]
[WhiteElo "2382"]
[BlackElo "2532"]
[Result "0-1"]
[Round "01"]
[TimeControl "180+2"]
[Date "2023.01.17"]
[WhiteClock "0:00:08"]
[BlackClock "0:01:06"]

1. d4 Nf6 2. c4 e6 3. Nc3 Bb4 4. a3 Bxc3+ 5. bxc3 d6 6. f3 c5 7. e4 Nc6 8. Be3 Qa5 9. Qd2 b6 10. Bd3 Ba6 11. Ne2 cxd4 12. cxd4 Qxd2+ 13. Kxd2 Na5 14. Rab1 Bxc4 15. Rb4 Bxd3 16. Kxd3 Ke7 17. Bg5 h6 18. Bh4 g5 19. Bf2 Rac8 20. h4 d5 21. e5 Nd7 22. hxg5 hxg5 23. Rxh8 Rxh8 24. Be3 f6 25. exf6+ Kxf6 26. Rb1 Nc4 27. Bc1 a6 28. a4 Rh2 29. g3 Rf2 30. f4 Rf3+ 31. Kc2 g4 32. Rb3 Kf5 33. Rc3 Nf6 34. Ng1 Rf2+ 35. Kb3 Ne4 36. Rd3 Na5+ 37. Ka3 Rc2 38. Bb2 Nc4+ 0-1


[Site "https://www.chess.com"]

[Event "Titled Tuesday Blitz January 17 Late 2023"]
[White "Vakhlamov, Igor L."]
[Black "Sreyas Payyappat"]
[WhiteFideId "24126748"]
[BlackFideId "46674969"]
[WhiteElo "2413"]
[BlackElo "2076"]
[Result "1-0"]
[Round "01"]
[TimeControl "180+2"]
[Date "2023.01.17"]
[WhiteClock "0:00:26"]
[BlackClock "0:00:14"]

1. e4 c6 2. d4 d5 3. exd5 cxd5 4. c4 Nf6 5. Nc3 Nc6 6. Nf3 g6 7. c5 Bg7 8. Bb5 O-O 9. h3 Bd7 10. O-O e6 11. Re1 Rc8 12. Bf4 a6 13. Bxc6 Bxc6 14. Ne5 Nd7 15. b4 Nxe5 16. Bxe5 Bxe5 17. Rxe5 Re8 18. Qe2 Qd7 19. Re1 Re7 20. Qe3 Rce8 21. Qf4 Kg7 22. h4 f6 23. R5e3 h5 24. Nb1 Ba4 25. R3e2 Bb5 26. Re3 Ba4 27. Nd2 Bc2 28. Nf1 Be4 29. f3 e5 30. dxe5 fxe5 31. Qg3 Bf5 32. Rxe5 Rxe5 33. Rxe5 Qc7 34. f4 Rxe5 35. fxe5 d4 36. Qf4 d3 37. Qd4 Qd7 38. Qxd7+ Bxd7 39. Kf2 Kf7 40. Ke3 Bf5 41. Kd4 Ke6 42. a3 Kd7 43. g3 Kc6 44. a4 Kc7 45. Ne3 d2 46. Kc3 Bd7 47. a5 Kc6 48. Kxd2 Kb5 49. Kc3 Be6 50. Ng2 Bf5 51. Nf4 Kc6 52. Kc4 Kc7 53. Kd4 Kd7 54. Kd5 Ke7 55. e6 Bc2 56. Ke5 Bf5 57. Nd5+ Kd8 58. Kd6 Bg4 59. e7+ Ke8 60. Nf6+ Kf7 61. e8=Q+ Kxf6 62. Qe7+ Kf5 63. Qe5# 1-0


[Site "https://www.chess.com"]

[Event "Titled Tuesday Blitz January 17 Late 2023"]
[White "Tokhirjonova, Gulrukhbegim"]
[Black "Makridis, Dimitrios"]
[WhiteFideId "14203626"]
[BlackFideId "25864475"]
[WhiteElo "2340"]
[BlackElo "2356"]
[Result "0-1"]
[Round "01"]
[TimeControl "180+2"]
[Date "2023.01.17"]
[WhiteClock "0:00:07"]
[BlackClock "0:00:10"]

1. d4 Nf6 2. c4 e6 3. Nc3 Bb4 4. e3 O-O 5. Bd3 c5 6. Ne2 cxd4 7. exd4 d5 8. O-O Nc6 9. a3 dxc4 10. Bxc4 Bd6 11. h3 Ne7 12. Bg5 Ng6 13. d5 e5 14. Ne4 Bf5 15. Nxf6+ gxf6 16. Bh6 Re8 17. Ng3 Bd7 18. Qf3 Bf8 19. Bxf8 Rxf8 20. Bd3 Nf4 21. Be4 Kh8 22. Nh5 f5 23. Bc2 Nxh5 24. Qxh5 Qf6 25. Rfe1 Rg8 26. Rad1 Rg5 27. Qe2 Rag8 28. g3 f4 29. Qe4 Bf5 30. Qc4 fxg3 31. f3 Bxc2 32. Qxc2 Qxf3 33. Qg2 Qh5 34. d6 Rd8 35. d7 f5 36. Qd5 f4 37. Qe6 Rg7 38. Rd5 Qf7 39. Qxe5 h6 40. Qe8+ Kh7 41. Qe4+ Qg6 42. Qxf4 Rdxd7 43. Rxd7 Rxd7 44. Re3 Rd1+ 45. Kg2 Rd2+ 46. Kg1 Qb1+ 47. Qf1 Qxf1+ 48. Kxf1 g2+ 49. Kg1 Rxb2 50. Re7+ Kg6 51. a4 a5 52. Re5 b6 53. Rd5 Kf6 54. Rh5 Ke6 55. Rxh6+ Kd5 56. Rh4 b5 57. axb5 Kc5 58. Rh5+ Kb6 59. Rf5 a4 60. h4 a3 61. Rf3 a2 62. Ra3 Rb1+ 63. Kxg2 a1=Q 64. Rxa1 Rxa1 65. h5 Ra4 66. Kg3 Kxb5 67. h6 Ra6 0-1


[Site "https://www.chess.com"]

[Event "Titled Tuesday Blitz January 17 Late 2023"]
[White "Rostovtsev, Dmitry"]
[Black "Szyszylo, Rafal"]
[WhiteFideId "34278320"]
[BlackFideId "1109626"]
[WhiteElo "2264"]
[BlackElo "2091"]
[Result "1-0"]
[Round "01"]
[TimeControl "180+2"]
[Date "2023.01.17"]
[WhiteClock "0:01:41"]
[BlackClock "0:00:08"]

1. e4 g6 2. d4 d6 3. Nc3 Nf6 4. f4 Bg7 5. Nf3 O-O 6. e5 Nfd7 7. Bc4 Nc6 8. O-O Nb6 9. Bb3 Na5 10. Be3 Nxb3 11. axb3 f6 12. Qe2 Bg4 13. h3 Bxf3 14. Rxf3 fxe5 15. dxe5 dxe5 16. fxe5 Bxe5 17. Bxb6 Rxf3 18. Qxe5 Rf5 19. Qe6+ Kg7 20. Rd1 Qf8 21. Bd4+ Kh6 22. Qe3+ g5 23. Ne4 Kg6 24. Bc3 e5 25. Ng3 Rf4 26. Qxe5 Re8 27. Qxc7 Re7 28. Qd6+ Rf6 29. Qxf6+ Qxf6 30. Bxf6 Kxf6 31. Rf1+ Kg6 32. Nf5 Rc7 33. Nd4 Rc5 34. c3 b5 35. b4 Rd5 36. Re1 a5 37. Re6+ Kg7 38. bxa5 b4 39. a6 bxc3 40. bxc3 Ra5 41. a7 Rxa7 42. Rc6 Ra1+ 43. Kh2 Rc1 44. Nf5+ Kf7 45. c4 h5 46. c5 g4 47. hxg4 hxg4 48. Kg3 Rc4 49. Nd6+ Ke7 50. Nxc4 Kd7 51. Rd6+ Ke7 52. Kxg4 Kf7 53. Kf4 Ke7 54. g4 Kf7 55. g5 Ke7 56. c6 Kf7 57. c7 Ke7 58. c8=Q Kf7 59. Qc7+ 1-0


[Site "https://www.chess.com"]

[Event "Titled Tuesday Blitz January 17 Late 2023"]
[White "Lopez Gracia, Fernando"]
[Black "Mahdavi, Reza"]
[WhiteFideId "2207184"]
[BlackFideId "12595926"]
[WhiteElo "2255"]
[BlackElo "2339"]
[Result "0-1"]
[Round "01"]
[TimeControl "180+2"]
[Date "2023.01.17"]
[WhiteClock "0:00:27"]
[BlackClock "0:01:56"]

1. c4 g6 2. e4 Bg7 3. d4 d6 4. Nc3 Nf6 5. Be2 O-O 6. Bg5 c5 7. d5 h6 8. Bd2 e6 9. Nf3 exd5 10. exd5 Bf5 11. O-O Ne4 12. Nxe4 Bxe4 13. Qc1 Kh7 14. Bc3 Bxf3 15. Bxf3 Bxc3 16. Qxc3 Nd7 17. Rfe1 Re8 18. Rxe8 Qxe8 19. Re1 Qf8 20. Be2 Re8 21. Bf1 Rxe1 22. Qxe1 Kg7 23. Qc3+ f6 24. Qa3 a6 25. Qb3 b6 26. Qa4 Qc8 27. a3 Ne5 28. b4 f5 29. f4 Nf7 30. Qc6 Qd8 31. Qb7 cxb4 32. axb4 a5 33. bxa5 bxa5 34. Qa7 Qf6 35. g3 Qa1 36. Kg2 a4 37. Be2 a3 38. c5 Qb2 39. Kf3 a2 40. cxd6 a1=Q 0-1


[Site "https://www.chess.com"]

[Event "Titled Tuesday Blitz January 17 Late 2023"]
[White "Cardoso Cardoso, Jose Gabriel"]
[Black "Sivakumar, Shaaketh"]
[WhiteFideId "4430492"]
[BlackFideId "30940176"]
[WhiteElo "2492"]
[BlackElo "2337"]
[Result "1-0"]
[Round "01"]
[TimeControl "180+2"]
[Date "2023.01.17"]
[WhiteClock "0:01:33"]
[BlackClock "0:02:03"]

1. d4 e6 2. Nc3 d5 3. Bf4 Bd6 4. Bg3 Nf6 5. e3 c5 6. Bb5+ Nc6 7. Nf3 O-O 8. O-O cxd4 9. exd4 Bxg3 10. hxg3 Qd6 11. Re1 Ne7 12. Bd3 a6 13. a4 b6 14. Ne2 Bb7 15. c3 Bc6 16. Nf4 b5 17. axb5 Bxb5 18. Bc2 Nc6 19. Ne5 Nd7 20. Qh5 g6 21. Qh6 Ndxe5 22. Nh5 1-0


[Site "https://www.chess.com"]

[Event "Titled Tuesday Blitz January 17 Late 2023"]
[White "Vega Gutierrez, Sabrina"]
[Black "Tatarinov, Dmitry"]
[WhiteFideId "2219026"]
[BlackFideId "24160067"]
[WhiteElo "2377"]
[BlackElo "2310"]
[Result "0-1"]
[Round "01"]
[TimeControl "180+2"]
[Date "2023.01.17"]
[WhiteClock "0:00:15"]
[BlackClock "0:02:16"]

1. e3 e5 2. d4 Nc6 3. d5 Nce7 4. c4 Ng6 5. Nc3 Bb4 6. Bd2 a5 7. Nge2 Nf6 8. h4 h6 9. h5 Nf8 10. Ng3 d6 11. Qc2 N8d7 12. Be2 O-O 13. O-O Nc5 14. a3 Bxc3 15. Bxc3 a4 16. f4 Nfd7 17. Nf5 Re8 18. fxe5 Nxe5 19. Rf4 Qg5 20. Raf1 Bd7 21. Bd4 Nb3 22. Bc3 Bxf5 23. Qxf5 Qxf5 24. Rxf5 f6 25. Bxe5 Rxe5 26. Rxe5 dxe5 27. Bg4 Nc5 28. Bf5 Ra6 29. Rc1 Rb6 30. Rc2 Kf8 31. Kf2 Ke7 32. Ke2 e4 33. Kd2 Kd6 34. Ke2 Ke5 35. Rd2 Kxf5 0-1


[Site "https://www.chess.com"]

[Event "Titled Tuesday Blitz January 17 Late 2023"]
[White "Jaracz, Pawel"]
[Black "Chernomordik, Pavel"]
[WhiteFideId "1102222"]
[BlackFideId "2804530"]
[WhiteElo "2467"]
[BlackElo "2150"]
[Result "1-0"]
[Round "01"]
[TimeControl "180+2"]
[Date "2023.01.17"]
[WhiteClock "0:01:36"]
[BlackClock "0:01:34"]

1. d4 g6 2. e4 Bg7 3. Nc3 d6 4. Bg5 h6 5. Be3 a6 6. Qd2 b5 7. Bd3 Bb7 8. Nf3 Nd7 9. O-O c5 10. dxc5 Nxc5 11. a4 b4 12. Nd5 a5 13. Bb5+ Nd7 14. Bd4 Bxd4 15. Qxd4 e5 16. Nxe5 Bxd5 17. Nxd7 f6 18. Nxf6+ Kf7 19. Nxd5 Nf6 20. Bc4 Kg7 21. Nf4 1-0


[Site "https://www.chess.com"]

[Event "Titled Tuesday Blitz January 17 Late 2023"]
[White "Kouskoutis, Georgios-Alexandros"]
[Black "Borges Feria, Yasel"]
[WhiteFideId "4234049"]
[BlackFideId "3504921"]
[WhiteElo "2295"]
[BlackElo "2439"]
[Result "0-1"]
[Round "01"]
[TimeControl "180+2"]
[Date "2023.01.17"]
[WhiteClock "0:00:01"]
[BlackClock "0:00:23"]

1. c4 e5 2. g3 Nf6 3. Bg2 c6 4. Nf3 e4 5. Nd4 d5 6. cxd5 cxd5 7. d3 Bc5 8. Nb3 Bb6 9. Nc3 O-O 10. dxe4 Nxe4 11. Nxe4 dxe4 12. Qxd8 Rxd8 13. Bxe4 Nc6 14. O-O Bg4 15. Bf3 Bxf3 16. exf3 Rd3 17. Kg2 Rad8 18. Bf4 h6 19. h4 a5 20. Rac1 Nb4 21. Nc5 R3d5 22. Na4 Ba7 23. Nc3 R5d7 24. Nb5 Bb6 25. a3 Nd3 26. Rc2 Nxf4+ 27. gxf4 Rd5 28. a4 Rd2 29. Rfc1 Bxf2 30. Kh3 Bb6 31. f5 R2d3 32. Kg2 Rd2+ 33. Kh3 R2d5 34. Kg4 h5+ 35. Kxh5 Rxf5+ 36. Kg4 Rfd5 37. Kg3 Be3 38. Rc3 Bxc1 39. Rxc1 Rd2 40. b3 R2d7 41. Rc3 Rd3 42. Rc7 Rxb3 43. Rxb7 Rdd3 44. Rb8+ Kh7 45. Kg4 Rxf3 46. Ra8 Rf1 47. Rxa5 Rb4+ 48. Kg3 Ra1 49. Nc7 Ra3+ 0-1


[Site "https://www.chess.com"]

[Event "Titled Tuesday Blitz January 17 Late 2023"]
[White "Yuan, Qingyu"]
[Black "Haszon, David"]
[WhiteFideId "8609772"]
[BlackFideId "733610"]
[WhiteElo "2373"]
[BlackElo "2264"]
[Result "1-0"]
[Round "01"]
[TimeControl "180+2"]
[Date "2023.01.17"]
[WhiteClock "0:00:14"]
[BlackClock "0:00:12"]

1. e4 c5 2. Nf3 d6 3. Bb5+ Nd7 4. c3 Nf6 5. Qe2 e5 6. d4 Qc7 7. O-O a6 8. Bd3 Be7 9. a4 O-O 10. Nbd2 Re8 11. Re1 Bf8 12. Nf1 b6 13. Ng3 g6 14. h3 Bg7 15. d5 Nf8 16. Be3 h6 17. b4 Kh7 18. a5 b5 19. c4 bxc4 20. Bxc4 cxb4 21. Reb1 g5 22. Nd2 Ng6 23. Rxb4 Nf4 24. Qd1 Rg8 25. Rb6 Qd7 26. Nf5 Ne8 27. Kh2 Qd8 28. g3 Bxf5 29. exf5 Qd7 30. Qb1 Nf6 31. Rb7 Qe8 32. gxf4 gxf4 33. Bb6 e4 34. Ra3 Qe5 35. Qa1 f3+ 36. Qxe5 Ng4+ 37. hxg4 Bxe5+ 38. Kh3 Rg7 39. Nxe4 Rag8 40. Rxf3 Rxg4 41. Rxf7+ Kh8 42. Nf6 Bxf6 43. Rxf6 Rg1 44. Rxh6+ Kg7 45. Rg6+ 1-0


[Site "https://www.chess.com"]

[Event "Titled Tuesday Blitz January 17 Late 2023"]
[White "AidenRchess"]
[Black "Dimitrov, Atanas"]
[BlackFideId "2901315"]
[WhiteElo "2443"]
[BlackElo "2269"]
[Result "1/2-1/2"]
[Round "01"]
[TimeControl "180+2"]
[Date "2023.01.17"]
[WhiteClock "0:00:18"]
[BlackClock "0:00:02"]

1. e4 c5 2. Nf3 d6 3. Bb5+ Bd7 4. Bxd7+ Nxd7 5. O-O Ngf6 6. Qe2 g6 7. b3 Bg7 8. Bb2 O-O 9. c4 Rc8 10. d4 cxd4 11. Nxd4 a6 12. Nc3 Ne5 13. Rad1 Qb6 14. Kh1 e6 15. f4 Nc6 16. Nf3 Rfd8 17. f5 Ng4 18. Na4 Qe3 19. Qc2 Nb4 20. Qd2 Qxd2 21. Rxd2 b5 22. Bxg7 Kxg7 23. Nb2 exf5 24. exf5 Ne3 25. Re1 Nxf5 26. a3 Nc6 27. g4 Nh6 28. h3 Ng8 29. Red1 Na5 30. Rxd6 Rxd6 31. Rxd6 Nxb3 32. cxb5 axb5 33. Nd3 Rc3 34. Nfe5 Nc5 35. Nxc5 Rxc5 36. Nc6 Nf6 37. Nd4 Ne4 38. Rb6 Rc3 39. Kg2 Rg3+ 40. Kh2 Rxa3 41. Rxb5 h6 42. Rb7 Ng5 43. Rb3 Rxb3 44. Nxb3 Kf6 45. Nd2 Ke5 46. Nf1 Kf4 47. Ng3 Nf3+ 48. Kg2 Nd4 49. Kf2 Kg5 50. Ne4+ Kf4 51. Ng3 Ne6 52. Ne2+ Ke5 53. Kg3 f5 54. gxf5 Kxf5 55. Nc3 Ng5 56. Ne2 Ne4+ 57. Kf3 Nd2+ 58. Kg3 Nb3 59. Ng1 Nc5 60. Ne2 g5 61. Nd4+ Kg6 62. Ne2 Ne4+ 63. Kf3 Nf6 64. Nd4 Nd5 65. Kg3 Kf6 66. h4 Ke5 67. hxg5 h5 68. Kh4 Nf4 69. Ne2 Nxe2 70. Kxh5 Kf5 71. Kh6 Nf4 72. Kh7 Kxg5 1/2-1/2


[Site "https://www.chess.com"]

[Event "Titled Tuesday Blitz January 17 Late 2023"]
[White "Nasuta, Grzegorz"]
[Black "Dudzinski, Pawel"]
[WhiteFideId "1141686"]
[BlackFideId "1117890"]
[WhiteElo "2552"]
[BlackElo "2186"]
[Result "1-0"]
[Round "01"]
[TimeControl "180+2"]
[Date "2023.01.17"]
[WhiteClock "0:00:31"]
[BlackClock "0:00:47"]

1. e4 c6 2. d4 d5 3. e5 c5 4. dxc5 e6 5. a3 Bxc5 6. Nf3 Nc6 7. b4 Be7 8. Bd3 Qc7 9. Bb2 f6 10. O-O f5 11. Nbd2 Nh6 12. c4 d4 13. b5 Nxe5 14. Nxe5 Qxe5 15. Nf3 Qc7 16. Bxd4 O-O 17. Qe2 Bf6 18. Rfe1 Bxd4 19. Nxd4 Rd8 20. Nxe6 Bxe6 21. Qxe6+ Qf7 22. Qxf7+ Kxf7 23. Be2 Rac8 24. Bf3 Rxc4 25. Bxb7 Rd2 26. Red1 Rcd4 27. Rxd2 Rxd2 28. h3 Kf6 29. a4 Nf7 30. a5 Nd6 31. Bc6 Rb2 32. b6 axb6 33. a6 Nc8 34. a7 Nxa7 35. Rxa7 b5 36. Rb7 b4 37. f4 h6 38. Bd5 g5 39. Rb6+ Kg7 40. fxg5 hxg5 41. Be6 f4 42. Bf5 Kf7 43. Be4 Rb3 44. Bd5+ 1-0


[Site "https://www.chess.com"]

[Event "Titled Tuesday Blitz January 17 Late 2023"]
[White "Gurevich, Dmitry"]
[Black "Nazari, Arad"]
[WhiteFideId "2000407"]
[BlackFideId "12577324"]
[WhiteElo "2393"]
[BlackElo "2367"]
[Result "0-1"]
[Round "01"]
[TimeControl "180+2"]
[Date "2023.01.17"]
[WhiteClock "0:01:57"]
[BlackClock "0:01:41"]

1. d4 Nf6 2. c4 g6 3. Nc3 d5 4. Nf3 Bg7 5. cxd5 Nxd5 6. Bd2 Nb6 7. Bg5 c5 8. dxc5 Bxc3+ 9. bxc3 Qxd1+ 10. Rxd1 Na4 11. e4 Nxc3 12. Rd4 Nc6 13. Rc4 Nxa2 14. Bd2 a5 15. Ra4 Nab4 16. Bb5 Bd7 17. Bxb4 Nxb4 18. Bxd7+ Kxd7 19. Ne5+ Ke6 20. Nc4 Nd3+ 21. Ke2 Nxc5 22. Rxa5 Rxa5 23. Nxa5 Ra8 24. Nc4 Nxe4 25. f3 Ra2+ 26. Ke3 Nd6 27. g4 Nxc4+ 0-1


[Site "https://www.chess.com"]

[Event "Titled Tuesday Blitz January 17 Late 2023"]
[White "Tanenbaum, Zachary"]
[Black "Remolar Gallen, Jose"]
[WhiteFideId "2060850"]
[BlackFideId "2215187"]
[WhiteElo "2261"]
[BlackElo "2285"]
[Result "1-0"]
[Round "01"]
[TimeControl "180+2"]
[Date "2023.01.17"]
[WhiteClock "0:00:31"]
[BlackClock "0:00:13"]

1. e4 c5 2. Nf3 d6 3. d4 cxd4 4. Nxd4 Nf6 5. Nc3 a6 6. Be3 e5 7. Nb3 Be6 8. h3 h5 9. Bd3 Be7 10. Qf3 Nbd7 11. O-O-O Qc7 12. Nd5 Bxd5 13. exd5 a5 14. a3 Rc8 15. g4 e4 16. Bxe4 Ne5 17. Qf4 Qc4 18. Bf5 Qxb3 19. Bxc8 Qa2 20. Qa4+ Kf8 21. Qb3 Qxb3 22. cxb3 hxg4 23. hxg4 Rxh1 24. Rxh1 g6 25. Bxb7 Nfxg4 26. Bd4 Bg5+ 27. Kb1 Nf3 28. Rh8+ Ke7 29. Bb6 Bf6 30. Bd8+ 1-0


[Site "https://www.chess.com"]

[Event "Titled Tuesday Blitz January 17 Late 2023"]
[White "Miszler, Levente"]
[Black "Sokolovsky, Yahli"]
[WhiteFideId "763276"]
[BlackFideId "2820242"]
[WhiteElo "2271"]
[BlackElo "2461"]
[Result "0-1"]
[Round "01"]
[TimeControl "180+2"]
[Date "2023.01.17"]
[WhiteClock "0:00:02"]
[BlackClock "0:00:08"]

1. Nf3 d5 2. c4 c6 3. g3 Bg4 4. Bg2 Nf6 5. O-O e6 6. d3 Nbd7 7. Nbd2 Be7 8. a3 a5 9. Rb1 a4 10. b4 axb3 11. Qxb3 Nc5 12. Qb6 Qxb6 13. Rxb6 Nfd7 14. Rb1 b6 15. Bb2 O-O 16. Rfe1 Bf6 17. Bxf6 gxf6 18. Nd4 Rfc8 19. h3 Bh5 20. cxd5 cxd5 21. Nb5 Ra5 22. g4 Bg6 23. Rec1 Rca8 24. Nf3 h5 25. gxh5 Bxh5 26. d4 Na6 27. Rc6 Kf8 28. e3 Ke7 29. Nd6 Rg8 30. Kf1 Bg6 31. Rbc1 Bd3+ 32. Kg1 Nab8 33. Nc8+ Kd8 34. Rc7 Be4 35. Nd6 Bxf3 36. Rc8+ Ke7 37. Rxg8 Kxd6 38. Bxf3 Rxa3 39. Rcc8 Nc6 40. Rgf8 Nxf8 41. Rxf8 Ke7 42. Rc8 Kd7 43. Rg8 b5 44. h4 b4 45. Be2 b3 46. Bd3 b2 47. Bc2 Rc3 48. Bh7 f5 0-1


[Site "https://www.chess.com"]